 Dungeon Crawl Stone Soup version 0.24-a0-245-gb50751227d (webtiles) character file.

Game seed: 7471810939792439197

55 Redear the Skirmisher (level 3, -1/28 HPs)
             Began as a Demonspawn Skald on Apr 12, 2019.
             Slain by an adder (2 damage)
             ... on level 3 of the Dungeon.
             The game lasted 00:04:13 (1702 turns).

Redear the Skirmisher (Demonspawn Skald)            Turns: 1702, Time: 00:04:13

Health: -1/28      AC:  3    Str: 15    XL:     3   Next: 67%
Magic:  6/6        EV: 12    Int: 19    God:
Gold:   103        SH:  0    Dex: 14    Spells: 5/6 levels left

rFire    . . .     SeeInvis .   a - +0 short sword
rCold    + . .     Gourm    .   (no shield)
rNeg     . . .     Faith    +   b - +0 leather armour
rPois    .         Spirit   .   (helmet restricted)
rElec    .         Reflect  .   (no cloak)
rCorr    .         Harm     .   (no gloves)
MR       .....                  (no boots)
Stlth    ++........             e - amulet of faith {Faith}
HPRegen  0.09/turn              f - +3 ring of strength
MPRegen  0.10/turn              c - ring of protection from cold {rC+}

@: brilliant, very slightly contaminated, invisible
A: antennae 1, thin skeletal structure 1
a: no special abilities


You were on level 3 of the Dungeon.
You were hungry.

You visited 1 branch of the dungeon, and saw 3 of its levels.

You collected 103 gold pieces.

Inventory:

Hand Weapons
 a - a +0 short sword (weapon)
 g - a +0 whip
Missiles
 k - 92 arrows
 l - 88 stones (quivered)
 m - 16 poisoned needles
 o - 24 sling bullets
 v - 18 bolts
Armour
 b - a +0 leather armour (worn)
Jewellery
 c - a ring of protection from cold (right hand) {rC+}
 e - an amulet of faith (around neck) {Faith}
 f - a +3 ring of strength (left hand)
Scrolls
 h - a scroll of identify {unknown}
 i - a scroll of amnesia {unknown}
 p - 2 scrolls of remove curse {unknown}
 r - a scroll of blinking {unknown}
 s - a scroll of magic mapping {unknown}
 u - a scroll of teleportation {unknown}
Potions
 j - a potion of magic {unknown}
 n - a potion of degeneration {unknown}
 q - a potion of heal wounds {unknown}
 t - a potion of brilliance {Archmagi Int+5 Wiz++}
Comestibles
 z - 4 rations


   Skills:
 + Level 2.7 Fighting
 + Level 2.3 Short Blades
 + Level 1.6 Armour
 + Level 2.3 Dodging
 - Level 2.0 Spellcasting
 - Level 2.6 Charms


You had 5 spell levels left.
You knew the following spells:

 Your Spells              Type           Power        Failure   Level  Hunger
z - Infusion              Chrm           ###.         1%          1    #......

Your spell library contained the following spells:

 Spells                   Type           Power        Failure   Level  Hunger
 Song of Slaying          Chrm           ###.....     1%          2    ###....
 Shroud of Golubria       Chrm/Tloc      ###.......   2%          2    ###....
 Regeneration             Chrm/Necr      ###.......   4%          3    ###....
 Spectral Weapon          Hex/Chrm       ###.....     4%          3    ###....


Dungeon Overview and Level Annotations

Branches:
Dungeon (3/15)

Altars:
Wu Jian


Innate Abilities, Weirdness & Mutations

You have a pair of small antennae on your head.
You have a somewhat thin skeletal structure. (Dex +2, Stealth)


Message History

You feel sick.
You are no longer poisoned.
The adder misses you. The adder bites you.
* * * LOW HITPOINT WARNING * * *
You are very lightly contaminated with residual magic.
You take 2 damage, and have 1/28 hp.
Okay, then.
You hit the adder but do no damage.
The adder is moderately wounded.
The adder misses you.
You closely miss the adder.
The adder is moderately wounded.
The adder closely misses you.
You barely miss the adder.
The adder is moderately wounded.
The adder barely misses you.
You completely miss the adder.
The adder is moderately wounded.
The adder closely misses you. The adder bites you.
You die...

..#............# ....
###............# ...##
....
#............####....#
.[..
#.....................
....
#..)...........#$.....
....
##.............#......
....
#....................
....
#########............
.... #....@.......
#### ######S......
....... ...#### ...#
####


You could see an adder.

Vanquished Creatures
  An adder (D:3)
  A worm (D:2)
  A dart slug (D:1)
  8 bats
  A giant cockroach (D:1)
  6 goblins
  7 hobgoblins
  6 kobolds
  A ball python (D:2)
  3 frilled lizards
  3 rats
38 creatures vanquished.

Notes
Turn   | Place    | Note
-------+----------+-------------------------------------------
     0 | D:1      | Redear the Demonspawn Skald began the quest for the Orb.
     0 | D:1      | Reached XP level 1. HP: 16/16 MP: 3/3
    31 | D:1      | Reached skill level 1 in Armour
    86 | D:1      | Reached skill level 2 in Short Blades
    86 | D:1      | Reached skill level 2 in Dodging
    86 | D:1      | Gained mutation: You have a somewhat thin skeletal
                  | structure. (Dex +2, Stealth) [demonic ancestry]
    86 | D:1      | Reached XP level 2. HP: 21/22 MP: 5/5
   726 | D:2      | Gained mutation: You have a pair of small antennae on your
                  | head. [demonic ancestry]
   726 | D:2      | Reached XP level 3. HP: 27/28 MP: 6/6
   950 | D:2      | Found an ornate altar of the Wu Jian Council.
  1698 | D:3      | HP: 1/28 [adder (2)]
  1702 | D:3      | Slain by an adder

Levels and vault maps discovered:
D:1:      dpeg_arrival_radiant, layout_rooms, hangedman_decor_growths
D:2:      layout_rooms, lemuel_crystal_altar
D:3:      layout_basic, kennysheep_generic_room_11

Skill      XL: |  1 |
---------------+----+-----
Armour         | 1 |  1.6
Short Blades   | 2 |  2.3
Dodging        | 2 |  2.3
Fighting       | |  2.7
Spellcasting   | |  2.0
Charms         | |  2.6

Action                   || total
-------------------------++-------
Melee: Short sword       ||   152
  Use: Potion            ||     2
 Stab: Sleeping          ||     2
  Eat: Chunk             ||     2
Armor: Leather armour    ||    43
Dodge: Dodged            ||   109

Table legend:
 A = Non-vault XP
 B = Vault XP
 C = Vault XP percentage of total XP
 D = Non-vault monster count
 E = Vault monster count
 F = Vault count percentage of total count
                 A         B        C        D         E       F
            +---------+---------+-------+---------+---------+-------
      Total |      79 |       0 |   0.0 |      38 |       0 |   0.0
            +---------+---------+-------+---------+---------+-------
        D:1 |      38 |       0 |   0.0 |      21 |       0 |   0.0
        D:2 |      22 |       0 |   0.0 |      12 |       0 |   0.0
        D:3 |      19 |       0 |   0.0 |       5 |       0 |   0.0
            +---------+---------+-------+---------+---------+-------
